 Dungeon Crawl Stone Soup version 0.23.0 (webtiles) character file.

Game seed: 521950317720763786

77632 xccam the Grappler (level 15, -1/128 HPs)
             Began as a Pale Draconian Transmuter on Feb 18, 2019.
             Was the Champion of Lugonu.
             Slain by a black mamba (12 damage)
             ... on level 5 of the Lair of Beasts.
             The game lasted 01:39:56 (28679 turns).

xccam the Grappler (Pale Draconian Transmuter)     Turns: 28679, Time: 01:39:56

Health: -1/128     AC: 16    Str: 15    XL:     15   Next: 15%
Magic:  24/24      EV: 18    Int: 18    God:    Lugonu [******]
Gold:   1549       SH:  0    Dex: 14    Spells: 11/26 levels left

rFire    . . .     SeeInvis .     - Unarmed
rCold    + . .     Gourm    .   (shield currently unavailable)
rNeg     + . .     Faith    .   (armour unavailable)
rPois    +         Spirit   .   S - +2 hat {Int+3}
rElec    +         Reflect  .   r - +2 cloak
rCorr    .         Harm     .   (gloves currently unavailable)
MR       +++..                  J - +1 pair of boots
Stlth    +.........             R - amulet of regeneration
HPRegen  0.71/turn              K - ring of Fasuh {*Slow rElec rPois rN+ MR++}
MPRegen  0.19/turn              p - ring of protection from cold

@: blade hands (expiring)
A: breathe steam, unfitting armour, cold-blooded, AC +9
a: Breathe Steam, End Transformation, Depart the Abyss, Bend Space, Banish,
Corrupt, Enter the Abyss, Brand Weapon With Distortion, Renounce Religion


You were on level 5 of the Lair of Beasts.
You worshipped Lugonu.
Lugonu was exalted by your worship.
You were hungry.
You had blades for hands.
You visited 3 branches of the dungeon, and saw 21 of its levels.
You also visited: Gauntlet and Ice Cave.

You collected 2210 gold pieces.
You spent 661 gold pieces at shops.

Inventory:

Missiles
 a - 280 arrows
Armour
 o - a +2 pair of gloves (melded)
 q - a +0 buckler (melded)
 r - a +2 cloak (worn)
 J - a +1 pair of boots (worn)
 S - a +2 hat of intelligence (worn)
 T - a +0 shield
Jewellery
 d - an uncursed ring of fire
 e - an uncursed ring of ice
 i - an uncursed ring of see invisible
 p - a ring of protection from cold (right scythe-like blade)
 t - the ring "Lefreed" {+Fly Int+3}
   (You acquired it on level 12 of the Dungeon)

   [ring of flight]

   It affects your intelligence (+3).
   It lets you fly.
 I - the ring "Woimonlo" {+Blink Stlth+}
   (You took it off a kobold demonologist on level 12 of the Dungeon)

   [ring of stealth]

   It lets you blink.
   It makes you more stealthy.
 K - the ring of Fasuh (left scythe-like blade) {*Slow rElec rPois rN+ MR++}
   (You bought it in a shop on level 2 of the Orcish Mines)

   [ring of poison resistance]

   It insulates you from electricity.
   It protects you from poison.
   It protects you from negative energy.
   It affects your resistance to hostile enchantments.
   It may slow you when you take damage.
 L - a +2 amulet of reflection
 M - a +4 ring of dexterity
 R - an amulet of regeneration (around neck)
 W - an uncursed ring of resist corrosion
Wands
 h - a wand of random effects (21)
 s - a wand of clouds (4)
 A - a wand of flame (69)
 B - a wand of paralysis (13)
 C - a wand of disintegration (5)
 D - a wand of iceblast (7)
 O - a wand of enslavement (10)
 X - a wand of polymorph (4)
Scrolls
 j - 5 scrolls of teleportation
 k - 5 scrolls of remove curse
 l - 6 scrolls of fog
 w - a scroll of amnesia
 x - a scroll of blinking
 y - 2 scrolls of immolation
 z - 3 scrolls of fear
Potions
 b - a potion of magic
 f - 2 potions of agility
 g - a potion of cancellation
 m - 3 potions of mutation
 n - 4 potions of flight
 u - 2 potions of ambrosia
 v - 2 potions of resistance
 N - 2 potions of lignification
 Q - a potion of curing
 V - 3 potions of heal wounds
Miscellaneous
 G - a lightning rod (4/4)
 H - a phantom mirror
Comestibles
 c - 18 rations
 E - 10 chunks of flesh


   Skills:
 + Level 10.6 Fighting
 + Level 9.9 Dodging
 + Level 7.2 Shields
 + Level 12.9 Unarmed Combat
 - Level 6.0 Spellcasting
 + Level 11.7 Transmutations
 - Level 4.0 Ice Magic
 - Level 2.0 Poison Magic
 - Level 12.0 Invocations
 + Level 5.6 Evocations


You had 11 spell levels left.
You knew the following spells:

 Your Spells              Type           Power        Failure   Level  Hunger
a - Beastly Appendage     Tmut           #####.       7%          1    None
b - Sticks to Snakes      Tmut           #####...     8%          2    None
c - Spider Form           Tmut/Pois      ####......   22%         3    ##.....
d - Blade Hands           Tmut           #####.....   24%         5    #####..
e - Ice Form              Ice/Tmut       ####....     32%         4    ####...

Your spell library contained the following spells:

 Spells                   Type           Power        Failure   Level  Hunger
 Ignite Poison            Fire/Tmut/Pois ###.....     34%         3    ##.....
 Magic Dart               Conj           #...         50%         1    None
 Searing Ray              Conj           #.....       61%         2    None
 Dazzling Spray           Conj/Hex       #.....       77%         3    ##.....
 Spectral Weapon          Hex/Chrm       #.......     77%         3    ##.....
 Cause Fear               Hex            #.........   97%         4    ####...
 Force Lance              Conj/Tloc      #.......     97%         4    ####...
 Fulminant Prism          Conj/Hex       #.........   97%         4    ####...
 Iskenderun's Mystic Bla  Conj           #.......     97%         4    ####...
 Sticky Flame             Conj/Fire      #.......     97%         4    ####...
 Fireball                 Conj/Fire      #.........   100%        5    #####..


Dungeon Overview and Level Annotations

Branches:
Dungeon (13/15)            Temple (0/1) D:4            Lair (6/6) D:10
 Shoals (0/4) Lair:2       Spider (0/4) Lair:4        Slime (0/5) Lair:5
    Orc (2/2) D:11            Elf (0/3) Orc:2
 Vaults: D:13-14

Altars:
Ashenzari
Cheibriados
Elyvilon
Kikubaaqudgha
Uskayaw
Vehumet
Beogh
Lugonu

Shops:
Orc:2 *[=(

Annotations:
Lair:1 exclusion: orange crystal statue
Lair:5 exclusion: 4 oklob plants


Innate Abilities, Weirdness & Mutations

You can breathe blasts of scalding, opaque steam.
Your pale cyan-grey scales are hard. (AC +9)
You cannot fit into any form of body armour.
You are cold-blooded and may be slowed by cold attacks.


Message History

You hit the black mamba but do no damage.
The black mamba is severely wounded.
The black mamba barely misses you.
Unknown command.
You hit the black mamba but do no damage.
The black mamba is severely wounded.
The black mamba bites you!
* * * LOW HITPOINT WARNING * * *
You are poisoned.
The black mamba poisons you!
Unknown command.
You barely miss the black mamba.
The black mamba is severely wounded.
You feel sick. The black mamba bites you.
* * * LOW HITPOINT WARNING * * *
The black mamba bites you.
* * * LOW HITPOINT WARNING * * *
Unknown command.
You feel better. The black mamba bites you!
You die...

..................#
..#...##....P.P..##
..##.....P.....#..#
........#...###..## #
.##...P.#....#.#.P# ##
...#....##..##...## ######## ##.
...#..............####.#.#..###..
.........#P.P#P............###...
...#P....P..###.@#.##.##....###..
...##.........P.S.#######.รท.#
##. ...##.............#######...#
##
....................##.P.#.######
.<....#...#................###.##
..........<.........#............
#.PPP...................PP...#.P.
.##.....##.#.....#P......#.......
.##P...#####..P<###.......#.#..#.


You could see a black mamba.

Vanquished Creatures
  Gastronok (D:8)
  2 orc warlords
  2 entropy weavers
  A minotaur (Gauntlet)
  6 hydras
  6 death yaks
  Erica (Lair:1)
  A catoblepas (Lair:6)
  2 centaur warriors
  A queen ant (Lair:6)
  A two-headed ogre (D:12)
  Urug (Lair:6)
  4 orc high priests
  Sonja (Lair:1)
  A fire crab (Gauntlet)
  An unseen horror (D:12)
  A glowing orange brain (Gauntlet)
  Pikel (D:7)
  A deep elf mage (D:12)
  An oklob plant (Orc:1)
  4 orc knights
  6 slime creatures
  5 orc sorcerers
  2 manticores
  5 ugly things
  A cyclops (D:12)
  18 elephants
  2 ice statues (IceCv)
  A torpor snail (Lair:3)
  11 spiny frogs
  A centaur skeleton (D:13)
  A black mamba (Lair:2)
  A rime drake (Lair:5)
  6 komodo dragons
  4 kobold demonologists (D:12)
  An ice devil (Gauntlet)
  2 jumping spiders (Lair:4)
  2 polar bears
  8 trolls
  A hornet (D:8)
  14 blink frogs
  7 dream sheep (Lair:4)
  3 hippogriffs
  A shadow (D:12)
  2 vampires
  3 redbacks (Lair:4)
  A spriggan (Lair:4)
  2 wyverns
  30 yaks
  2 fire bats (Gauntlet)
  Grum (Lair:1)
  2 hungry ghosts
  A warg (Orc:1)
  18 soldier ants
  5 water moccasins
  4 porcupines
  4 black bears
  42 orc warriors
  3 slaves (D:7)
  9 ice beasts
  2 sky beasts
  5 phantoms
  A necrophage (D:13)
  13 wolves
  An eye of draining (D:7)
  5 ogres
  4 crocodiles
  7 centaurs
  4 big kobolds (D:12)
  11 bullfrogs
  A wyvern skeleton (D:12)
  3 scorpions
  A troll zombie (D:11)
  8 killer bees
  5 wights
  8 crimson imps
  A centaur zombie (D:6)
  4 hounds
  A quasit (D:10)
  7 jellies
  2 bullfrog skeletons
  28 orc priests
  27 orc wizards
  3 iguanas
  30 worker ants
  4 hell rats (Lair:3)
  7 ogre zombies (D:11)
  21 adders
  A shadow imp (D:12)
  14 white imps
  An adder skeleton (D:7)
  4 adder zombies
  2 worms
  5 leopard geckos
  70 orcs
  2 giant cockroaches (D:4)
  10 goblins
  8 hobgoblins
  21 jackals
  4 quokkas
  A ball python (D:2)
  10 bats
  2 frilled lizards
  5 goblin zombies (D:11)
  3 hobgoblin skeletons (D:11)
  A hobgoblin zombie (D:11)
  2 jackal skeletons
  17 kobolds
  5 orc skeletons (D:11)
  11 orc zombies (D:11)
  A rat (D:2)
686 creatures vanquished.

Vanquished Creatures (collateral kills)
  2 two-headed ogres
  An orc knight (Orc:1)
  A wight (D:8)
  An orc priest (D:5)
  Robin (D:2)
  An adder (D:2)
  2 goblins (D:2)
  A hobgoblin (D:2)
  A kobold (D:11)
11 creatures vanquished.

Vanquished Creatures (others)
  A hydra (Lair:1)
  An ugly thing (IceCv)
  An ogre (D:5)
  An orc wizard (D:5)
  An orc (D:5)
  13 fungi
  3 plants
21 creatures vanquished.

Grand Total: 718 creatures vanquished

Notes
Turn   | Place    | Note
-------+----------+-------------------------------------------
     0 | D:1      | xccam the Draconian Transmuter began the quest for the Orb.
     0 | D:1      | Reached XP level 1. HP: 16/16 MP: 3/3
   700 | D:2      | Reached XP level 2. HP: 9/23 MP: 5/5
  1116 | D:2      | Reached XP level 3. HP: 13/28 MP: 4/6
  1132 | D:2      | Learned a level 2 spell: Sticks to Snakes
  1403 | D:2      | Noticed Robin
  1471 | D:2      | Killed Robin
  2020 | D:2      | Reached XP level 4. HP: 35/35 MP: 1/7
  2586 | D:3      | Reached skill level 5 in Unarmed Combat
  2654 | D:3      | Found a faded altar of an unknown god.
  2658 | D:3      | Became a worshipper of Lugonu the Unformed
  2658 | D:3      | Reached * piety under Lugonu
  2658 | D:3      | Reached ** piety under Lugonu
  2678 | D:3      | Reached XP level 5. HP: 28/40 MP: 1/8
  3963 | D:4      | Found a staircase to the Ecumenical Temple.
  4526 | D:5      | Entered Level 5 of the Dungeon
  4530 | D:5      | Killed an ogre
  4542 | D:5      | Reached XP level 6. HP: 25/47 MP: 9/9
  4863 | D:5      | Noticed a sky beast
  4877 | D:5      | Killed a sky beast
  4877 | D:5      | Reached skill level 5 in Transmutations
  5255 | D:5      | Your scales start taking on a pale cyan-grey colour.
  5255 | D:5      | Reached XP level 7. HP: 24/52 MP: 10/10
  5320 | D:5      | Learned a level 3 spell: Spider Form
  5899 | D:5      | Reached skill level 1 in Poison Magic
  5936 | D:5      | Reached *** piety under Lugonu
  6316 | D:6      | Found a hide-covered altar of Uskayaw.
  6316 | D:6      | Noticed a +0 hand axe
  6316 | D:6      | Noticed a +0 hand axe
  6383 | D:6      | Found a shattered altar of Ashenzari.
  6411 | D:6      | Reached XP level 8. HP: 53/59 MP: 6/12
  6531 | D:6      | Found a radiant altar of Vehumet.
  7206 | D:7      | Reached **** piety under Lugonu
  7375 | D:7      | Reached skill level 1 in Shields
  7375 | D:7      | Reached skill level 1 in Invocations
  7467 | D:7      | Noticed Pikel
  7483 | D:7      | Killed Pikel
  7483 | D:7      | Reached XP level 9. HP: 54/68 MP: 13/13
  7802 | D:7      | Found the +0 mask of the Dragon {MR+ Slay+3 SInv}
  7897 | D:7      | Noticed a troll
  7915 | D:7      | Killed a troll
  8231 | D:7      | Found a snail-covered altar of Cheibriados.
  8400 | D:8      | Noticed a troll
  8424 | D:8      | Killed a troll
  8603 | D:8      | Noticed Gastronok
  8642 | D:8      | Reached skill level 5 in Dodging
  8674 | D:8      | Killed Gastronok
  8674 | D:8      | Reached skill level 5 in Fighting
  8674 | D:8      | Reached XP level 10. HP: 36/81 MP: 14/14
  8699 | D:8      | Found a white marble altar of Elyvilon.
  8825 | D:8      | Reached skill level 5 in Invocations
  9017 | D:8      | Found an ancient bone altar of Kikubaaqudgha.
  9483 | D:9      | Reached skill level 5 in Shields
  9490 | D:9      | Reached ***** piety under Lugonu
  9645 | D:9      | You fall through a shaft!
  9645 | D:10     | Entered Level 10 of the Dungeon
  9786 | D:10     | Noticed a two-headed ogre
  9793 | D:10     | Killed a two-headed ogre
  9982 | D:10     | Found a staircase to the Lair.
 10885 | D:11     | Found a staircase to the Orcish Mines.
 10911 | D:11     | Reached XP level 11. HP: 63/88 MP: 16/16
 11135 | D:11     | Noticed a five-headed hydra
 11165 | D:11     | Killed a five-headed hydra
 11638 | D:11     | Noticed a purple ugly thing
 11654 | D:11     | Killed a purple ugly thing
 12252 | D:12     | Noticed a white ugly thing
 12268 | D:12     | Killed a white ugly thing
 12277 | D:12     | Noticed a two-headed ogre
 12286 | D:12     | Killed a two-headed ogre
 12286 | D:12     | Reached skill level 10 in Transmutations
 12600 | D:12     | Learned a level 5 spell: Blade Hands
 13141 | D:12     | Paralysed by a big kobold for 2 turns
 13150 | D:12     | Identified a scroll of acquirement
 13152 | D:12     | Got a coiled iron ring
 13154 | D:12     | Identified the ring "Lefreed" {+Fly Int+3} (You acquired it
                  | on level 12 of the Dungeon)
 13841 | D:12     | Noticed a deep elf mage
 13858 | D:12     | Killed a deep elf mage
 13906 | D:12     | Noticed a two-headed ogre
 13911 | D:12     | Killed an unseen horror
 13911 | D:12     | Reached skill level 10 in Invocations
 13916 | D:12     | Killed a two-headed ogre
 13918 | D:12     | Identified the cursed +1 quarterstaff "Famox" {speed, rF+
                  | Str-2 Dex+4}
 13922 | D:12     | Identified the ring "Woimonlo" {+Blink Stlth+}
 13922 | D:12     | Reached XP level 12. HP: 72/94 MP: 15/19
 13927 | D:12     | Noticed a centaur warrior
 13938 | D:12     | Killed a centaur warrior
 13938 | D:12     | Reached skill level 10 in Unarmed Combat
 14521 | D:13     | Noticed a centaur warrior
 14529 | D:13     | Killed a centaur warrior
 14816 | D:13     | Reached ****** piety under Lugonu
 15168 | D:13     | Noticed a six-headed hydra
 15379 | D:12     | Learned a level 4 spell: Ice Form
 15489 | Orc:1    | Entered Level 1 of the Orcish Mines
 15843 | Orc:1    | Noticed an orc warlord
 15856 | Orc:1    | Killed an orc warlord
 15856 | Orc:1    | Reached skill level 1 in Ice Magic
 16784 | Orc:1    | Noticed an orc high priest
 16785 | Orc:1    | Found a roughly hewn altar of Beogh.
 16795 | Orc:1    | Killed an orc high priest
 16795 | Orc:1    | Reached skill level 5 in Spellcasting
 17681 | Orc:2    | Entered Level 2 of the Orcish Mines
 17984 | Orc:2    | Found a staircase to the Elven Halls.
 18053 | Orc:2    | Noticed an orc high priest
 18115 | Orc:2    | Killed an orc high priest
 18115 | Orc:2    | Reached XP level 13. HP: 50/104 MP: 16/21
 19264 | Orc:2    | Noticed an orc warlord
 19298 | Orc:2    | Killed an orc warlord
 19825 | Orc:2    | Found a roughly hewn altar of Beogh.
 20040 | Orc:2    | Found Fidulu's General Store.
 20078 | Orc:2    | Found Rotaw's Antique Armour Shop.
 20079 | Orc:2    | Found Diefrewo's Antique Weapon Boutique.
 20080 | Orc:2    | Found Obrempil's Jewellery Shop.
 20104 | Orc:2    | Bought a scroll of immolation for 56 gold pieces
 20104 | Orc:2    | Bought a +0 pair of boots for 72 gold pieces
 20266 | Orc:2    | Bought the ring of Fasuh {*Slow rElec rPois rN+ MR++} for
                  | 451 gold pieces
 20268 | Orc:2    | Bought a +2 amulet of reflection for 82 gold pieces
 20425 | Lair:1   | Entered Level 1 of the Lair of Beasts
 20448 | Lair:1   | Noticed Erica
 20461 | Lair:1   | Killed Erica
 20664 | Lair:1   | Noticed Sonja
 20671 | Lair:1   | Killed Sonja
 21195 | Lair:1   | Noticed Grum
 21214 | Lair:1   | Killed Grum
 21844 | Lair:2   | Found a gate leading to a gauntlet.
 21891 | Gauntlet | Entered a Gauntlet
 21891 | Gauntlet | Found a transporter.
 21976 | Gauntlet | Found a transporter.
 21978 | Gauntlet | Found a transporter.
 22002 | Gauntlet | Found a transporter.
 22011 | Gauntlet | Found a transporter.
 22013 | Gauntlet | Found the +27 Lear's hauberk
 22029 | Gauntlet | Found a transporter.
 22035 | Gauntlet | Found a transporter.
 22085 | Gauntlet | Found a transporter.
 22086 | Gauntlet | Found the +0 pair of fencer's gloves {Riposte Dex+3}
 22120 | Gauntlet | Found a transporter.
 22418 | Gauntlet | Found a transporter.
 22557 | Gauntlet | Found a transporter.
 22561 | Gauntlet | Found a transporter.
 22637 | Gauntlet | Noticed a minotaur
 22648 | Gauntlet | Killed a minotaur
 22830 | Lair:2   | Found a staircase to the Shoals.
 23585 | Lair:3   | Identified the Almanac of Enchanting Ignition
 23625 | Lair:3   | Reached skill level 1 in Evocations
 24482 | Lair:4   | Reached XP level 14. HP: 103/118 MP: 23/23
 25024 | Lair:4   | Found a hole to the Spider Nest.
 26084 | Lair:5   | Found a frozen archway.
 26132 | IceCv    | Entered an ice cave
 26156 | IceCv    | Found a transporter.
 26228 | IceCv    | Found a transporter.
 26610 | Lair:5   | Reached skill level 10 in Fighting
 27160 | Lair:5   | Found a staircase to the Slime Pits.
 27544 | Lair:6   | Entered Level 6 of the Lair of Beasts
 28044 | Lair:6   | Reached skill level 5 in Evocations
 28261 | Lair:6   | Noticed an entropy weaver
 28308 | Lair:5   | Killed an entropy weaver
 28308 | Lair:5   | Reached XP level 15. HP: 92/128 MP: 19/24
 28606 | Lair:6   | Noticed Urug
 28620 | Lair:6   | Killed Urug
 28678 | Lair:5   | HP: 4/128 [black mamba (3)]
 28679 | Lair:5   | Slain by a black mamba

Skill      XL: |  1  2  3  4  5  6  7  8  9 10 11 12 13 14 15 |
---------------+----------------------------------------------+-----
Unarmed Combat | 4 5 6 7 8 9 10 12 | 12.9
Transmutations | 3 4 5 6 7 8 10 11 | 11.7
Dodging        | 2 4 5 6 7 8 9 |  9.9
Poison Magic   | 2 |  2.0
Spellcasting   | 3 4 5 6 |  6.0
Shields        | 2 4 5 6 7 |  7.2
Invocations    | 2 4 7 10 11 12 | 12.0
Fighting       | 2 5 6 9 10 | 10.6
Ice Magic      | 3 4 |  4.0
Evocations     | 1 5 |  5.6

Action                   |  1- 3 |  4- 6 |  7- 9 | 10-12 | 13-15 || total
-------------------------+-------+-------+-------+-------+-------++-------
Melee: Unarmed           |   117 |   249 |   302 |   797 |  1192 ||  2657
       Tailslap          |    11 |    31 |    31 |   113 |   179 ||   365
       Kick              |     4 |     7 |    12 |     9 |       ||    32
       Headbutt          |     3 |    12 |    14 |    10 |       ||    39
       Punch             |       |     8 |     1 |     3 |    17 ||    29
 Cast: Beastly Appendage |     8 |    13 |    14 |     6 |       ||    41
       Sticks to Snakes  |     7 |     5 |    11 |    18 |       ||    41
       Blade Hands       |       |       |       |    15 |    35 ||    50
       Spider Form       |       |       |       |     1 |       ||     1
       Ice Form          |       |       |       |       |     4 ||     4
Invok: Bend Space        |       |       |       |     6 |     9 ||    15
       Banish            |       |       |       |       |     1 ||     1
 Abil: Breathe Steam     |       |       |    25 |    66 |    56 ||   147
       End Transformatio |       |       |       |       |     1 ||     1
Evoke: Wand              |       |       |     4 |     5 |     2 ||    11
  Use: Scroll            |       |    10 |     6 |     9 |    12 ||    37
       Potion            |       |       |       |     5 |     2 ||     7
 Stab: Sleeping          |       |     2 |     2 |     1 |     2 ||     7
       Distracted        |       |       |     2 |     1 |     1 ||     4
       Held in net/web   |       |       |     1 |       |       ||     1
       Paralysed         |       |       |     3 |       |       ||     3
  Eat: Chunk             |     4 |     7 |    12 |    28 |    35 ||    86
       Ration            |       |     1 |     1 |     5 |     5 ||    12
Armor: Skin              |    38 |    75 |    81 |   210 |   335 ||   739
Dodge: Dodged            |    89 |   129 |   140 |   419 |   807 ||  1584
Block: Buckler           |       |       |    25 |   121 |   168 ||   314
       Shield            |       |       |       |       |    13 ||    13
       Other             |       |       |       |       |     4 ||     4
       Reflection        |       |       |       |       |     1 ||     1
